 Dungeon Crawl Stone Soup version 0.27.0-1-g7a089689b8 (webtiles) character file.

Game seed: 9603098486857989221

6 Strat the Chopper (level 1, -1/20 HPs)
             Began as a Minotaur Berserker on Aug 13, 2021.
             Was a Follower of Trog.
             Killed by nerve-wracking pain
             ... invoked by Jessica
              (3 damage)
             ... on level 2 of the Dungeon.
             The game lasted 00:01:04 (229 turns).

Strat the Chopper (Minotaur Berserker)               Turns: 229, Time: 00:01:06

Health: -1/20      AC:  2    Str: 21    XL:     1   Next: 75%
Magic:  0/0        EV: 12    Int:  4    God:    Trog [*.....]
Gold:   3          SH:  0    Dex:  9    Spells: 0/0 levels left

rFire    . . .     SeeInvis .   a - +0 hand axe
rCold    . . .     Faith    .   (no shield)
rNeg     . . .     Spirit   .   b - +0 animal skin
rPois    .         Reflect  .   (helmet restricted)
rElec    .         Harm     .   (no cloak)
rCorr    .         Rampage  .   (no gloves)
Will     .....                  (no boots)
Stlth    +.........             (no amulet)
HPRegen  0.06/turn              (no ring)
MPRegen  0.07/turn              (no ring)

@: no status effects
A: horns 2, retaliatory headbutt
a: Renounce Religion, Berserk


You were on level 2 of the Dungeon.
You worshipped Trog.
Trog was aware of your devotion.
You visited 1 branch of the dungeon, and saw 2 of its levels.

You collected 3 gold pieces.

Inventory:

Hand Weapons
 a - a +0 hand axe (weapon)
Armour
 b - a +0 animal skin (worn)
Potions
 c - a potion of lignification {unknown}


   Skills:
 + Level 3.8 Fighting
 * Level 4.0 Axes
 - Level 2.4 Armour
 - Level 2.1 Dodging


You couldn't memorise any spells.
You didn't know any spells.
Your spell library was empty.

Dungeon Overview and Level Annotations

Branches:
Dungeon (2/15)

Altars:
Yredelemnul

Annotations:
D:2 Jessica, Robin


Innate Abilities, Weirdness & Mutations

You have a pair of horns on your head.
You reflexively headbutt those who attack you in melee.


Message History

Your Axes skill increases to level 4!
Things that are here:
a +0 dagger; a goblin corpse
Found 24 sling bullets.
Found a stone staircase leading down and a stone staircase leading up. 2 goblins come into view.
The goblin shouts! x3; You hear a shout! x3
Robin of the Strong Arm comes into view.
They are wielding a +0 club.
Found a runed leather armour.
A giant cockroach and a goblin come into view.
Robin shouts!
The goblin shouts!
A dart slug comes into view.
Robin throws the goblin at you!
A goblin comes into view. It is wielding a +0 dagger.
A ball python comes into view.
The ball python hisses angrily.
A goblin comes into view. It is wielding a +0 club.
A frilled lizard comes into view.
Jessica the Apprentice Sorceress comes into view.
She is wielding a +1 dagger of freezing.
The goblin misses you.
Jessica shouts!
The frilled lizard hisses angrily.
You hear an angry hiss.
The goblin misses you.
Found a robe.
Found a stone staircase leading down.
A goblin comes into view. It is wielding a +0 dagger.
Robin throws the goblin at you! Jessica casts a spell at you.
Pain shoots through your body!
Ouch! That really hurt!
* * * LOW HITPOINT WARNING * * *
The goblin closely misses you. You furiously retaliate!
You headbutt the goblin.
The goblin shouts!
The goblin hits you but does no damage. Robin throws the goblin at you!
* * * LOW HITPOINT WARNING * * *
The goblin hits you with a +0 dagger.
* * * LOW HITPOINT WARNING * * *
Jessica casts a spell at you. Pain shoots through your body!
You die...

g.......#.......##
#g.###.##.....###
#..##......).....
##...(.##########
##..g..........
g..#....g....#####
.......g.....######
...l.....ggg.......
....w...B.l@.####
....(........#
...<.S..........
......@[.....####
.............#
.............#
.[#.....>...#
#.........#


You could see Robin, a dart slug, Jessica, a giant cockroach, 6 goblins, a ball
python and a frilled lizard.

Vanquished Creatures
  2 goblins (D:2)
  A hobgoblin (D:1)
  A bat (D:2)
  A frilled lizard (D:2)
  A rat (D:2)
6 creatures vanquished.

Notes
Turn   | Place    | Note
-------+----------+-------------------------------------------
     0 | D:1      | Strat the Minotaur Berserker began the quest for the Orb.
     0 | D:1      | Reached XP level 1. HP: 19/19 MP: 0/0
   192 | D:2      | Found a basalt altar of Yredelemnul.
   216 | D:2      | Reached skill level 4 in Axes
   223 | D:2      | Noticed Robin
   225 | D:2      | Noticed Jessica
   229 | D:2      | Killed from afar by Jessica

Illustrated notes

Levels and vault maps discovered:
D:1:      tarquinn_simple_flora_water_d, layout_basic,
          chequers_ecumenical_altar_lobes, item_on_display_a
D:2:      layout_rooms, basic_altar, uniq_robin, uniq_jessica

Skill      XL: |  1 |
---------------+----+-----
Axes           | 4 |  4.0
Fighting       | |  3.8
Armour         | |  2.4
Dodging        | |  2.1

Action                   || total
-------------------------++-------
Melee: Hand axe          ||    13
       Headbutt          ||     3
Armor: Animal skin       ||     3
Dodge: Dodged            ||     8
